 Dungeon Crawl Stone Soup version 0.22-a0-567-gff9aefc (webtiles) character file.

7998 lemonriz the Destroyer (level 11, -15/96 HPs)
             Began as a Naga Venom Mage on June 29, 2018.
             Killed from afar by a rime drake (31 damage)
             ... with a flash freeze
             ... on level 1 of the Lair of Beasts.
             The game lasted 00:30:59 (12123 turns).

lemonriz the Destroyer (Naga Venom Mage)           Turns: 12123, Time: 00:31:00

Health: -15/96     AC: 11    Str: 11    XL:     11   Next: 24%
Magic:  15/22      EV: 11    Int: 19    God:
Gold:   558        SH:  0    Dex: 11    Spells: 10/25 levels left

rFire    . . .     SeeInvis +   y - +1 demon blade (elec)
rCold    . . .     Gourm    .   (no shield)
rNeg     + . .     Faith    .   F - +2 robe {Archmagi}
rPois    +         Spirit   .   l - +0 helmet
rElec    .         Reflect  .   (no cloak)
rCorr    .         Harm     .   (no gloves)
MR       +....                  (no barding)
Stlth    +++.......             (no amulet)
HPRegen  0.26/turn              i - +4 ring of protection
MPRegen  0.18/turn              g - ring of positive energy

@: very slow
A: large, see invisible, deformed body, poison resistance, slowness 2, slow
metabolism 1, spit poison 1, AC +3
a: Spit Poison


You were on level 1 of the Lair of Beasts.
You were not hungry.

You visited 3 branches of the dungeon, and saw 12 of its levels.

You collected 558 gold pieces.

Inventory:

Hand Weapons
 j - a +4 dagger of venom
 y - a +1 demon blade of electrocution (weapon)
Armour
 l - a +0 helmet (worn)
 x - a +0 large shield
 F - a +2 robe of the Archmagi (worn)
Magical Staves
 C - an uncursed staff of wizardry
 G - an uncursed staff of air
Jewellery
 f - a +4 ring of strength {unknown}
 g - a ring of positive energy (right hand)
 i - a +4 ring of protection (left hand)
 H - an uncursed ring of positive energy
Wands
 e - a wand of iceblast (28)
 s - a wand of disintegration (20)
 w - a wand of polymorph (9)
Scrolls
 k - 3 scrolls of immolation {unknown}
 n - 3 scrolls of teleportation
 p - 2 scrolls of noise {unknown}
 r - 7 scrolls of remove curse
 v - 2 scrolls of holy word {unknown}
 z - 2 scrolls of enchant weapon
 A - a scroll of fear {unknown}
 E - a scroll of random uselessness {unknown}
Potions
 a - a potion of invisibility
 b - 2 potions of curing
 d - 3 potions of lignification
 h - 3 potions of might
 m - a potion of brilliance
 o - a potion of berserk rage
 q - a potion of magic
 t - 2 potions of flight
 u - a potion of mutation {unknown}
 B - 2 potions of haste {unknown}
 D - a potion of agility {unknown}
Comestibles
 c - 23 rations


   Skills:
 + Level 5.4 Fighting
 + Level 1.2 Long Blades
 + Level 3.6 Dodging
 - Level 6.2 Stealth
 + Level 5.4 Shields
 - Level 7.5 Spellcasting
 - Level 10.0 Conjurations
 - Level 3.1 Air Magic
 - Level 6.0 Poison Magic


You had 10 spell levels left.
You knew the following spells:

 Your Spells              Type           Power        Failure   Level  Hunger
a - Sting                 Conj/Pois      ####         1%          1    None
b - Poisonous Vapours     Pois/Air       #####.       2%          2    None
c - Mephitic Cloud        Conj/Pois/Air  #####...     1%          3    #......
d - Olgreb's Toxic Radia  Pois           #####...     9%          4    ###....
e - Venom Bolt            Conj/Pois      ######....   10%         5    #####..

Your spell library contained the following spells:

 Spells                   Type           Power        Failure   Level  Hunger
 Animate Dead             Necr           N/A          67%         4    ###....
 Pain                     Necr           ##..         10%         1    None
 Animate Skeleton         Necr           N/A          10%         1    None
 Vampiric Draining        Necr           ##........   28%         3    #......
 Regeneration             Chrm/Necr      ##........   28%         3    #......


Dungeon Overview and Level Annotations

Branches:
Dungeon (10/15)            Temple (1/1) D:5            Lair (1/6) D:9
    Orc: D:9-12

Altars:
Cheibriados
Elyvilon
Fedhas
Gozag
Hepliaklqana
Kikubaaqudgha
Makhleb
Nemelex Xobeh
Okawaru
Qazlal
Ru
Trog
Uskayaw
Wu Jian
Xom
Yredelemnul
Zin
The Shining One
Beogh


Innate Abilities, Weirdness & Mutations

You cannot wear boots.
Your serpentine skin is tough. (AC +3)
You have supernaturally acute eyesight. (SInv)
Armour fits poorly on your strangely shaped body.
Your system is resistant to poisons. (rPois)
You cover ground very slowly.
You have a slow metabolism.
You can spit poison.


Message History

The rime drake looks even sicker.
Casting: Poisonous Vapours (safe; 2% risk of failure)
Confirm with . or Enter, or press ? or * to list all spells.
Aiming: Poisonous Vapours (safe; 2% risk of failure)
Press: ? - help, Dir - move target cursor, f/p - rime drake
Aim: a rime drake (moderately wounded, poisoned, catching its breath)
You feel a surge of power!
Poisonous vapours surround the rime drake!
The ice encasing you melts away.
The rime drake is engulfed in poison gas.
The rime drake looks as sick as possible!
You slash the rime drake!
The rime drake is almost dead.
The rime drake bites you.
* * * LOW HITPOINT WARNING * * *
You closely miss the rime drake.
The rime drake is almost dead.
The rime drake breathes ice at you. The flash freeze hits you!
You die...

..#.# ....#..
#....###.......
#.........# #......####
#..#'####.#######
#....##.........
#.....#......... ....
#8.>k8.......... ...#
#....@#.######## ...#
##.8.##..# ...#
###†#..## ...# #†...#
...# ##...## ...#
#P....# ..=# ###
####...##
...####.#####P##...####
........................


You could see a rime drake.

Vanquished Creatures
  Gastronok (D:8)
  Erica (D:8)
  Pikel (D:9)
  A spiny frog (Lair:1)
  A troll (D:9)
  Prince Ribbit (D:9)
  A spriggan (D:7)
  Sigmund (D:4)
  A wyvern (D:7)
  Grum (D:8)
  Edmund (D:5)
  A water moccasin (D:7)
  Duvessa (D:5)
  2 porcupines (Lair:1)
  3 orc warriors
  A sky beast (D:5)
  5 ogres
  A centaur (D:6)
  6 wolves
  A phantom (D:5)
  A crocodile (Lair:1)
  Blork the orc (D:5)
  4 bullfrogs
  Dowan (D:5)
  A scorpion (D:4)
  4 wights (D:6)
  3 electric eels (D:9)
  A howler monkey (D:6)
  2 crimson imps (D:5)
  A jelly (D:6)
  10 hounds
  3 bullfrog skeletons
  5 orc priests
  8 orc wizards
  A gnoll shaman (D:5)
  An iguana (D:5)
  Ijyb (D:5)
  4 worker ants
  A hound skeleton (D:5)
  2 worker ant zombies (D:5)
  7 gnolls
  11 adders
  A shadow imp (D:8)
  4 oozes
  An adder zombie (D:5)
  An adder skeleton (D:9)
  A dart slug (D:1)
  4 leopard geckos
  52 orcs
  12 giant cockroaches
  5 hobgoblins
  25 jackals
  5 kobolds
  4 quokkas
  2 ball pythons
  3 bats
  7 frilled lizards
  7 goblins
  2 leopard gecko skeletons
  A leopard gecko zombie (D:5)
  4 rats
246 creatures vanquished.

Vanquished Creatures (others)
  2 slaves (D:9)
  A hound (D:9)
  An adder (D:9)
  2 orcs (D:9)
6 creatures vanquished.

Grand Total: 252 creatures vanquished

Notes
Turn   | Place    | Note
-------+----------+-------------------------------------------
     0 | D:1      | lemonriz the Naga Venom Mage began the quest for the Orb.
     0 | D:1      | Reached XP level 1. HP: 15/15 MP: 3/3
   230 | D:1      | Reached XP level 2. HP: 22/22 MP: 0/5
   555 | D:1      | Learned a level 2 spell: Poisonous Vapours
  1067 | D:1      | Reached XP level 3. HP: 25/28 MP: 2/6
  1077 | D:1      | Learned a level 3 spell: Mephitic Cloud
  2061 | D:2      | Found a hide-covered altar of Uskayaw.
  2080 | D:2      | Found a shimmering altar of Xom.
  2159 | D:2      | Reached skill level 1 in Air Magic
  2159 | D:2      | Reached skill level 5 in Poison Magic
  2159 | D:2      | Reached XP level 4. HP: 36/36 MP: 3/7
  2218 | D:2      | Found a shimmering altar of Xom.
  2423 | D:3      | Reached skill level 2 in Conjurations
  2563 | D:3      | Reached XP level 5. HP: 31/42 MP: 2/9
  3290 | D:4      | Reached XP level 6. HP: 48/49 MP: 7/10
  3308 | D:4      | Found an ancient bone altar of Kikubaaqudgha.
  3309 | D:4      | Found an opulent altar of Gozag.
  3433 | D:4      | Learned a level 4 spell: Olgreb's Toxic Radiance
  3443 | D:4      | Noticed Sigmund
  3461 | D:4      | Killed Sigmund
  3505 | D:4      | Reached skill level 1 in Fighting
  3505 | D:4      | Reached skill level 3 in Conjurations
  3513 | D:4      | Reached XP level 7. HP: 57/57 MP: 5/11
  3526 | D:4      | Found a snail-covered altar of Cheibriados.
  3614 | D:4      | You fall through a shaft for 3 floors!
  3771 | D:5      | Entered Level 5 of the Dungeon
  3821 | D:5      | Noticed Duvessa
  3826 | D:5      | Noticed Blork the orc
  3836 | D:5      | Killed Blork the orc
  3836 | D:5      | Reached skill level 5 in Stealth
  3907 | D:5      | Found a staircase to the Ecumenical Temple.
  3932 | Temple   | Entered the Ecumenical Temple
  4058 | D:5      | Noticed Ijyb
  4081 | D:5      | Killed Ijyb
  4152 | D:5      | Reached skill level 4 in Conjurations
  4183 | D:5      | Reached XP level 8. HP: 64/68 MP: 14/14
  4306 | D:5      | Killed Duvessa
  4308 | D:5      | Noticed Dowan
  4938 | D:5      | Killed Dowan
  4993 | D:5      | Noticed Edmund
  5001 | D:5      | Killed Edmund
  5001 | D:5      | Reached skill level 1 in Shields
  5177 | D:5      | Learned a level 5 spell: Venom Bolt
  5266 | D:5      | Reached skill level 5 in Conjurations
  5510 | D:5      | Reached skill level 5 in Spellcasting
  5754 | D:6      | Reached XP level 9. HP: 54/78 MP: 7/16
  6162 | D:6      | Found a stormy altar of Qazlal.
  6173 | D:6      | Reached skill level 6 in Conjurations
  7136 | D:7      | Found a basalt altar of Yredelemnul.
  7200 | D:7      | Found a runed door.
  7301 | D:7      | Reached skill level 7 in Conjurations
  7652 | D:7      | Found a roughly hewn altar of Beogh.
  7741 | D:7      | Found a white marble altar of Elyvilon.
  8289 | D:8      | Reached XP level 10. HP: 85/85 MP: 17/19
  8297 | D:8      | Noticed Gastronok
  8328 | D:8      | Killed Gastronok
  8328 | D:8      | Reached skill level 9 in Conjurations
  8428 | D:8      | Noticed Erica
  8440 | D:8      | Killed Erica
  8935 | D:8      | Noticed Grum
  8949 | D:8      | Killed Grum
  9308 | D:9      | Noticed Pikel
  9322 | D:9      | Killed Pikel
  9322 | D:9      | Reached skill level 5 in Shields
  9343 | D:9      | Noticed Prince Ribbit
  9359 | D:9      | Killed Prince Ribbit
  9359 | D:9      | Reached XP level 11. HP: 11/93 MP: 3/22
  9507 | D:9      | Reached skill level 5 in Fighting
 10046 | D:9      | Reached skill level 10 in Conjurations
 10413 | D:9      | Found the +9 scales of the Dragon King {rPois rF+ rC+ MR+}
 10461 | D:9      | Found a staircase to the Lair.
 10487 | D:9      | Found a burning altar of Makhleb.
 11021 | D:10     | Entered Level 10 of the Dungeon
 11187 | D:9      | HP: 3/96 [ogre/giant club (18)]
 11684 | Lair:1   | Entered Level 1 of the Lair of Beasts
 12026 | Lair:1   | Reached skill level 1 in Long Blades
 12123 | Lair:1   | Killed from afar by a rime drake

Vault maps used:
D:1:      minmay_arrival_cross
D:2:      amethyst_overflow_temple_binary, first_ration, tgw_xom
D:3:      minmay_roachtagon, nicolae_overflow_hidden_temple
D:4:      marbit_many_paths, chequers_temple_overflow_statue_of_worship,
          uniq_sigmund
D:5:      minmay_temple_entry_mist, uniq_edmund, uniq_blork_the_orc,
          uniq_duvessa, uniq_ijyb
D:6:      lemuel_coloured_pillars_altar
D:7:      kennysheep_ying_yang, the_bakery, grunt_ministairs_4,
          minmay_misc_feat_more_columns, lightli_church_of_beogh
D:8:      hangedman_decor_lopped, uniq_erica, uniq_gastronok, uniq_grum
D:9:      old_standard_altar, erik_lair_island, uniq_prince_ribbit1, uniq_pikel
D:10:     enter_trove_0, hangedman_decor_slide_cut
Temple:   nicolae_temple_figure_zero
Lair:1:   grunt_megastairs_2, infiniplex_staircase_pool_2

Skill      XL: |  1  2  3  4  5  6  7  8  9 10 11 |
---------------+----------------------------------+-----
Dodging        | 2 3 |  3.6
Air Magic      | 1 2 3 |  3.1
Poison Magic   | 5 6 |  6.0
Conjurations   | 2 3 4 5 7 9 10 | 10.0
Spellcasting   | 3 4 5 6 7 |  7.5
Fighting       | 1 2 4 5 |  5.4
Stealth        | 5 6 |  6.2
Shields        | 1 3 5 |  5.4
Long Blades    | 1 |  1.2

Action                   |  1- 3 |  4- 6 |  7- 9 | 10-12 || total
-------------------------+-------+-------+-------+-------++-------
Melee: Unarmed           |    39 |       |       |       ||    39
       Dagger            |    22 |   115 |   314 |    64 ||   515
       Staff             |       |       |    12 |    19 ||    31
       Demon blade       |       |       |       |    61 ||    61
 Cast: Sting             |    37 |     3 |    18 |    13 ||    71
       Poisonous Vapours |    10 |    42 |   104 |    61 ||   217
       Mephitic Cloud    |       |       |    10 |     6 ||    16
       Olgreb's Toxic Ra |       |       |       |     1 ||     1
       Venom Bolt        |       |       |       |     2 ||     2
 Abil: Spit Poison       |     2 |       |     2 |     1 ||     5
Evoke: Wand              |       |       |     4 |       ||     4
  Use: Scroll            |       |     9 |     6 |     8 ||    23
       Potion            |       |       |     2 |     5 ||     7
 Stab: Sleeping          |     2 |     1 |     1 |       ||     4
  Eat: Chunk             |     4 |     6 |    14 |     5 ||    29
       Ration            |       |       |     1 |     2 ||     3
Armor: Robe              |    15 |    39 |   159 |    84 ||   297
       Skin              |       |       |    21 |       ||    21
Dodge: Dodged            |    32 |    76 |   182 |   116 ||   406
       Rpst.: Demon blade |       |       |       |    12 ||    12

Table legend:
 A = Spawn XP
 B = Non-spawn XP
 C = Spawn XP percentage of total XP
 D = Spawn monster count
 E = Non-spawn monster count
 F = Spawn count percentage of total count
 G = Total turns spent on level
                    A         B        C        D         E        F      G
               +---------+---------+-------+---------+---------+-------+---------
         Total |       0 |   11426 |   0.0 |       0 |     246 |   0.0 | 12123
               +---------+---------+-------+---------+---------+-------+---------
           D:1 |       0 |      45 |   0.0 |       0 |      21 |   0.0 |  1331
           D:2 |       0 |      61 |   0.0 |       0 |      16 |   0.0 |   939
           D:3 |       0 |     106 |   0.0 |       0 |      29 |   0.0 |   800
           D:4 |       0 |     629 |   0.0 |       0 |      42 |   0.0 |  1044
           D:5 |       0 |    1386 |   0.0 |       0 |      33 |   0.0 |  1257
           D:6 |       0 |     941 |   0.0 |       0 |      20 |   0.0 |  1318
           D:7 |       0 |    1434 |   0.0 |       0 |      38 |   0.0 |  1378
           D:8 |       0 |    3759 |   0.0 |       0 |      18 |   0.0 |  1096
           D:9 |       0 |    2167 |   0.0 |       0 |      24 |   0.0 |  2238
          D:10 |       0 |     121 |   0.0 |       0 |       1 |   0.0 |   164
        Lair:1 |       0 |     777 |   0.0 |       0 |       4 |   0.0 |   439
               +---------+---------+-------+---------+---------+-------+---------
